 Dungeon Crawl Stone Soup version 0.25.1-8-g42b30a86e7 (webtiles) character file.

Game seed: 3279655274755141404

2674 hehateme the Fighter (level 9, -4/89 (90) HPs)
             Began as a Naga Wanderer on Dec 5, 2020.
             Was an Initiate of Gozag.
             Slain by a killer bee (6 damage)
             ... on level 6 of the Dungeon.
             The game lasted 00:44:21 (9871 turns).

hehateme the Fighter (Naga Wanderer)                Turns: 9871, Time: 00:44:22

HP:   -4/89 (90)    AC: 13    Str: 19    XL:     9   Next: 63%
MP:   13/13         EV:  5    Int: 13    God:    Gozag
Gold: 379           SH:  0    Dex:  9    Spells: 10/10 levels left

rFire    . . .     SeeInvis +   h - +3 dagger (protect)
rCold    . . .     Gourm    .   (no shield)
rNeg     . . .     Faith    .   E - +4 chain mail {rPois} {rPois}
rPois    +         Spirit   .   (no helmet)
rElec    .         Reflect  .   (no cloak)
rCorr    .         Harm     .   I - +1 pair of gloves
MR       +....                  (no barding)
Stlth    ..........             (no amulet)
HPRegen  0.24/turn              (no ring)
MPRegen  0.13/turn              (no ring)

@: mighty, brilliant, lethally poisoned (-4 -> -6), very slightly contaminated,
very slow
A: large, see invisible, deformed body, poison resistance, slowness 2, slow
metabolism 1, spit poison 1, AC +3
a: Spit Poison, Potion Petition, Call Merchant, Bribe Branch, Renounce Religion


You were on level 6 of the Dungeon.
You worshipped Gozag.
Gozag was aware of your devotion.
You were near starving.

You visited 2 branches of the dungeon, and saw 8 of its levels.

You collected 883 gold pieces.
You spent 397 gold pieces at shops.
You paid 107 gold pieces to Gozag.

Inventory:

Hand Weapons
 a - a +2 mace
 f - a +1 vorpal long sword
 h - a +3 dagger of protection (weapon)
 A - a +0 hand axe
 D - a +2 flail of protection
Missiles
 i - 10 boomerangs
 l - 26 bolts
 o - 4 atropa-tipped darts
 x - 45 sling bullets
 B - 171 stones (quivered)
 Q - 42 arrows
Armour
 b - a +0 ring mail
 n - a +0 pair of gloves
 E - a +4 chain mail of poison resistance (worn) {rPois}
 H - a +0 plate armour
 I - a +1 pair of gloves (worn)
Jewellery
 d - an uncursed amulet of faith {unknown}
 p - a cursed ring of attention {unknown}
 s - an uncursed ring of protection from fire {unknown}
Wands
 F - a wand of paralysis (7)
Scrolls
 c - a scroll of enchant armour {unknown}
 g - 6 scrolls of remove curse {unknown}
 j - 7 scrolls of identify {unknown}
 k - a scroll of summoning
 t - 4 scrolls of teleportation
 v - 2 scrolls of blinking {!r}
 w - a scroll of fear {unknown}
 y - a scroll of amnesia {unknown}
Potions
 m - 2 potions of might
 q - a potion of degeneration {unknown}
 r - a potion of flight {unknown}
 u - 2 potions of brilliance
 z - 2 potions of stabbing
 C - a potion of curing {unknown}
 G - a potion of ambrosia {unknown}
Comestibles
 e - 7 rations


   Skills:
 + Level 8.4 Fighting
 - Level 1.7 Short Blades
 - Level 5.5 Maces & Flails
 - Level 4.0 Throwing
 - Level 0.6 Armour
 - Level 4.2 Stealth
 - Level 1.0 Spellcasting
   Level 2.0 Fire Magic
   Level 2.6 Poison Magic
 * Level 5.7 Evocations


You had 10 spell levels left.
You didn't know any spells.
Your spell library was empty.

Dungeon Overview and Level Annotations

Branches:
Dungeon (7/15)             Temple (1/1) D:5

Altars:
Ashenzari
Dithmenos
Elyvilon
Fedhas
Gozag
Hepliaklqana
Kikubaaqudgha
Makhleb
Nemelex Xobeh
Qazlal
Ru
Sif Muna
Trog
Uskayaw
Vehumet
Wu Jian
Xom
Yredelemnul
Zin
The Shining One

Shops:
D:5 **[

Annotations:
D:1 exclusion: downstairs
D:2 exclusion: 4 jackals
D:3 1 runed translucent door, exclusion: Terence, VictoriousLee's ghost, amateur FoEE


Innate Abilities, Weirdness & Mutations

You cannot wear boots.
Your serpentine skin is tough. (AC +3)
You have supernaturally acute eyesight. (SInv)
Armour fits poorly on your strangely shaped body.
Your system is resistant to poisons. (rPois)
You cover ground very slowly.
You have a slow metabolism.
You can spit poison.


Message History

* * * LOW HITPOINT WARNING * * *
The killer bee stings you!
* * * LOW HITPOINT WARNING * * *
The killer bee stings you.
* * * LOW HITPOINT WARNING * * *
The killer bee barely misses you.
The killer bee stings you but does no damage. x2
The killer bee barely misses you.
You take 14 damage, and have 20/89 hp.
It was a potion of might.
You feel very mighty all of a sudden.
You feel sick. The killer bee stings you!
* * * LOW HITPOINT WARNING * * *
The killer bee stings you.
* * * LOW HITPOINT WARNING * * *
The killer bee stings you.
* * * LOW HITPOINT WARNING * * *
The killer bee stings you.
You die...
Your body crumbles into a pile of gold.

#....# #...# #.####
#....# ##..# #.# #....#
##..###### #.# #....#
#........# #.# #....#
#........# #.# #...##
#........# #.# #...#
#........# #.#
####...########yy######
#.#
...'...........y@y....#
#.#
####...##############.#
#.# #...# #.# #.# #####
#.# #.# #.# #.# #.# #.#
#.######.# #........#
##########

Skill      XL: |  1  2  3  4  5  6  7  8  9 |
---------------+----------------------------+-----
Stealth        | 2 3 4 |  4.2
Fighting       | 2 3 4 5 6 7 8 |  8.4
Evocations     | 1 3 5 |  5.7
Throwing       | 2 4 |  4.0
Short Blades   | 1 |  1.7
Maces & Flails | 5 |  5.5
Armour         | |  0.6
Spellcasting   | |  1.0
Fire Magic     | |  2.0
Poison Magic   | |  2.6

Notes
Turn   | Place    | Note
-------+----------+-------------------------------------------
     0 | D:1      | hehateme the Naga Wanderer began the quest for the Orb.
     0 | D:1      | hehateme set off with the following items: a +2 mace, a +0
                  | ring mail, a ration, a scroll of teleportation
     0 | D:1      | Reached XP level 1. HP: 18/18 MP: 2/2
   242 | D:1      | Reached skill level 2 in Stealth
   465 | D:1      | Reached XP level 2. HP: 22/25 MP: 3/3
   804 | D:2      | Reached skill level 3 in Stealth
   955 | D:2      | Reached skill level 2 in Fighting
   955 | D:2      | Reached XP level 3. HP: 32/32 MP: 4/4
  1121 | D:2      | Reached skill level 4 in Stealth
  1786 | D:3      | Noticed Terence
  1870 | D:3      | Reached XP level 4. HP: 34/40 MP: 5/5
  2130 | D:3      | Reached skill level 1 in Evocations
  2422 | D:4      | Reached skill level 3 in Fighting
  2422 | D:4      | Reached XP level 5. HP: 49/49 MP: 6/6
  2445 | D:4      | Reached skill level 2 in Evocations
  2705 | D:3      | Reached skill level 4 in Fighting
  2890 | D:3      | Killed Terence
  2890 | D:3      | Reached skill level 3 in Evocations
  2890 | D:3      | Reached XP level 6. HP: 57/57 MP: 8/8
  3019 | D:3      | Noticed Jessica
  3024 | D:3      | Killed Jessica
  3253 | D:3      | Found a runed translucent door.
  3260 | D:3      | Noticed VictoriousLee's ghost (amateur FoEE)
  3831 | D:4      | Reached skill level 5 in Fighting
  3831 | D:4      | Reached skill level 2 in Throwing
  3966 | D:4      | Reached XP level 7. HP: 67/67 MP: 9/9
  4616 | D:5      | Entered Level 5 of the Dungeon
  4623 | D:5      | Found a staircase to the Ecumenical Temple.
  4799 | Temple   | Entered the Ecumenical Temple
  5010 | Temple   | Became a worshipper of Gozag Ym Sagoz the Greedy
  5369 | D:5      | Reached skill level 3 in Throwing
  5378 | D:5      | Found Deifrosh's General Store.
  5378 | D:5      | Noticed Edmund
  5439 | D:5      | Found a stormy altar of Qazlal.
  5442 | D:5      | Found a white marble altar of Elyvilon.
  5450 | D:5      | Found an ornate altar of the Wu Jian Council.
  5452 | D:5      | Found a shattered altar of Ashenzari.
  5452 | D:5      | Found a hide-covered altar of Uskayaw.
  5774 | D:5      | Reached skill level 6 in Fighting
  5809 | D:5      | Reached skill level 4 in Throwing
  5809 | D:5      | Reached XP level 8. HP: 68/76 MP: 10/10
  6018 | D:5      | Found Iqathret's Armour Shoppe.
  6196 | D:5      | Reached skill level 1 in Short Blades
  6548 | D:5      | Found Usuwidgha's General Store.
  6556 | D:5      | Bought a scroll of blinking for 90 gold pieces
  6556 | D:5      | Bought a wand of flame (18) for 120 gold pieces
  6634 | D:5      | Killed Edmund
  6634 | D:5      | Reached skill level 7 in Fighting
  6634 | D:5      | Reached skill level 3 in Maces & Flails
  7134 | D:5      | Bought a scroll of teleportation for 45 gold pieces
  7134 | D:5      | Bought a scroll of summoning for 142 gold pieces
  7163 | D:5      | Reached skill level 4 in Maces & Flails
  7654 | D:6      | Reached skill level 5 in Maces & Flails
  7654 | D:6      | Reached XP level 9. HP: 84/86 MP: 11/11
  8189 | D:6      | Reached skill level 4 in Evocations
  8527 | D:6      | Found a burning altar of Makhleb.
  8539 | D:6      | Reached skill level 8 in Fighting
  8973 | D:7      | Reached skill level 5 in Evocations
  9870 | D:6      | HP: 20/89 [killer bee (5)]
  9871 | D:6      | HP: 7/89 [killer bee (5)]
  9871 | D:6      | HP: 2/89 [killer bee (5)]
  9871 | D:6      | Slain by a killer bee

Table legend:
 A = Turns spent in this place as a percentage of turns spent in the entire game.
 B = Non-inter-level travel turns spent in this place as a percentage of non-inter-level travel turns spent in the entire game.
 C = Inter-level travel turns spent in this place as a percentage of turns spent in this place.
 D = Turns resting spent in this place as a percentage of non-inter-level travel turns spent in this place.
 E = Turns spent auto-exploring this place as a percentage of non-inter-level travel turns spent in this place.
 F = Non-inter-level travel turns spent in this place divided by the number of levels of this place that you've seen.
                   A       B       C       D       E      F
               +-------+-------+-------+-------+-------+----------------------
         Total | 100.0 | 100.0 |   5.8 |  20.7 |  59.1 | 1162.8
       Dungeon |  97.4 |  97.7 |   5.5 |  21.0 |  58.5 | 1297.9
        Temple |   2.6 |   2.3 |  16.5 |   9.2 |  87.1 | 217.0
               +-------+-------+-------+-------+-------+----------------------

Table legend:
 A = Kills in this place as a percentage of kills in entire the game.
 B = Kills by you in this place as a percentage of kills by you in the entire game.
 C = Kills by friends in this place as a percentage of kills by friends in the entire game.
 D = Other kills in this place as a percentage of other kills in the entire game.
 E = Experience gained in this place as a percentage of experience gained in the entire game.
 F = Experience gained in this place divided by the number of levels of this place that you have seen.
                   A       B       C       D       E      F
               +-------+-------+-------+-------+-------+----------------------
         Total | 100.0 | 100.0 |   N/A |   N/A | 100.0 | 477.5
       Dungeon | 100.0 | 100.0 |   N/A |   N/A | 100.0 | 545.7
               +-------+-------+-------+-------+-------+----------------------

Action                   |  1- 3 |  4- 6 |  7- 9 || total
-------------------------+-------+-------+-------++-------
Melee: Dagger            |    97 |   139 |   262 ||   498
       Mace              |     5 |       |    55 ||    60
       Flail             |       |       |   108 ||   108
Throw: Stone             |    61 |    32 |   145 ||   238
Invok: Potion Petition   |       |       |     1 ||     1
 Abil: Spit Poison       |    10 |    19 |    31 ||    60
Evoke: Wand              |       |     8 |    42 ||    50
  Use: Scroll            |       |     1 |     4 ||     5
       Potion            |       |       |     7 ||     7
 Stab: Paralysed         |       |       |     5 ||     5
       Distracted        |       |       |     1 ||     1
  Eat: Chunk             |     3 |     6 |     2 ||    11
       Ration            |       |       |     4 ||     4
Armor: Ring mail         |    54 |    58 |   123 ||   235
       Skin              |       |       |    13 ||    13
       Chain mail        |       |       |   100 ||   100
Dodge: Dodged            |    48 |    59 |   152 ||   259

Vanquished Creatures
  Edmund (D:5)
  2 orc warriors (D:6)
  A black bear (D:6)
  A necrophage (D:6)
  A phantom (D:5)
  9 ogres
  A crocodile (D:5)
  A bullfrog (D:7)
  3 scorpions
  A howler monkey (D:5)
  3 crimson imps
  4 hounds
  3 centaur skeletons
  2 orc priests (D:5)
  2 jellies (D:7)
  A bullfrog skeleton (D:5)
  Jessica (D:3)
  Terence (D:3)
  3 orc wizards
  4 worker ants
  A hound skeleton (D:6)
  A howler monkey zombie (D:6)
  A worker ant zombie (D:7)
  6 gnolls
  13 adders
  A shadow imp (D:5)
  2 oozes
  2 adder skeletons
  3 worms
  A dart slug (D:2)
  2 leopard geckos
  15 orcs
  5 bats
  4 giant cockroaches
  3 goblins
  5 hobgoblins
  7 jackals
  3 quokkas
  A ball python (D:5)
  4 frilled lizards
  7 kobolds
  A leopard gecko skeleton (D:4)
  A leopard gecko zombie (D:6)
  A quokka zombie (D:5)
  5 rats
140 creatures vanquished.

Vanquished Creatures (others)
  5 plants (D:4)
5 creatures vanquished.

Grand Total: 145 creatures vanquished You could see 4 killer bees.

Levels and vault maps discovered:
D:1:      minmay_arrival_four_houses, layout_loops_ring, dk_noncrumbling_3,
          serial_bayou_pond_c
D:2:      layout_basic
D:3:      layout_loops_ring, gammafunk_ghost_grave, uniq_jessica, uniq_terence
D:4:      layout_basic, first_ration, cheibrodos_sewer_entry_bend,
          minmay_misc_feat_tiny, serial_bayou_lagoon_a,
          nicolae_underground_beach
D:5:      minmay_recursive_quarters, layout_rooms, minitemple,
          minmay_temple_entry_large_hall, serial_shops, nicolae_shop_trees,
          nicolae_shop_behind_doors, nicolae_shop_crystal, hex_intersection,
          uniq_edmund
D:6:      layout_basic, makhleb_blood_cavern_becter
D:7:      layout_basic, okawaru_humans, hangedman_decor_push
Temple:   regret_index_temple_generic_petals
